 Dungeon Crawl Stone Soup version 0.28-a0-1444-g6c55d0bc0c (webtiles) character file.

Game seed: 6862001874311023489

210 Essalna the Sneak (level 6, 0/46 HPs)
             Began as a Djinni Delver on Jan 10, 2022.
             Killed by divine providence
             ... invoked by an orc priest
              (14 damage)
             ... on level 3 of the Dungeon.
             The game lasted 00:05:33 (3758 turns).

Essalna the Sneak (Djinni Delver)                   Turns: 3758, Time: 00:05:33

Health: 0/46       AC:  3    Str: 11    XL:     6   Next: 12%
Gold:   89         EV: 11    Int: 13    God:
                   SH:  5    Dex: 15

rFire   + + .      SeeInvis .   v - +0 short sword (venom)
rCold   x . .      Faith    .   r - +0 buckler
rNeg    . . .      Spirit   .   b - +0 leather armour
rPois   ∞          Reflect  .   m - +0 hat
rElec   .          Harm     .   (no cloak)
rCorr   .          Rampage  .   (no gloves)
Will    .....                   (boots unavailable)
Stlth   ++........              (no amulet)
HPRegen 0.15/turn               (no ring)
MPRegen 0.00/turn               (no ring)

@: flying
A: sickness immunity, fire resistance 2, cold vulnerability 1, float, innate
caster, hp casting, extra vitality 1
a: no special abilities


You were on level 3 of the Dungeon.
You visited 1 branch of the dungeon, and saw 5 of its levels.

You collected 89 gold pieces.

Inventory:

Hand Weapons
 a - a +0 falchion
 o - a +0 rapier
 v - a +0 short sword of venom (weapon)
Armour
 b - a +0 leather armour (worn)
 m - a +0 hat (worn)
 r - a +0 buckler (worn)
Jewellery
 q - a ring of ice
Wands
 g - a wand of digging (3)
 x - a wand of acid (6)
Scrolls
 c - 2 scrolls of fog
 d - a scroll of magic mapping
 e - 2 scrolls of fear
 j - 2 scrolls of enchant weapon {unknown}
 k - a scroll of enchant armour {unknown}
 l - 2 scrolls of identify {unknown}
 t - a scroll of holy word {unknown}
 w - 2 scrolls of teleportation {unknown}
Potions
 f - a potion of haste
 h - a potion of might {unknown}
 i - 3 potions of brilliance {unknown}
 n - a potion of invisibility {unknown}
 p - a potion of heal wounds {unknown}
 s - a potion of magic {unknown}
 u - a potion of cancellation {unknown}


   Skills:
 - Level 3.0 Fighting
 - Level 1.7 Long Blades
 - Level 2.1 Dodging
 - Level 4.1 Stealth
 + Level 2.9 Shields
 + Level 3.2 Spellcasting


You had 8 spell levels left.
You knew the following spells:

 Your Spells              Type           Power      Damage    Failure   Level
a - Animate Skeleton      Necr           20%        N/A       10%         1
b - Searing Ray           Conj           20%        2d5       16%         2
Your spell library was empty.

Dungeon Overview and Level Annotations

Branches:
Dungeon (5/15)
 Temple: D:4-7

Altars:


Innate Abilities, Weirdness & Mutations

You are immune to sickness and miasma.
You are immune to poison.
Your flesh is very heat resistant. (rF++)
You are vulnerable to cold. (rC-)
You float through the air rather than walking.
You learn spells naturally, not from books.
Your magical power is your life essence.
You have superior vitality. (+4 MHP)


Message History

The orc misses you. The orc barely misses you.
You hit the orc.
You kill the orc!
The orc closely misses you.
You hit the orc.
The orc is poisoned.
The orc is moderately wounded.
The orc hits you with a +0 mace. You block the orc's attack.
You hit the orc.
You kill the orc!
The orc hits you with a +0 mace. x2
You are too injured to fight recklessly!
You are too injured to fight recklessly!
You hit the orc.
The orc is poisoned.
The orc is moderately wounded.
The orc barely misses you.
You hit the orc but do no damage.
The orc looks even sicker.
The orc is moderately wounded.
The orc hits you with a +0 mace.
You hit the orc.
The orc looks as sick as possible!
The orc is heavily wounded.
The orc hits you with a +0 mace.
You barely miss the orc.
The orc is severely wounded.
You block the orc's attack.
You barely miss the orc.
The orc is almost dead.
You kill the orc!
The orc priest looks satisfied for a moment.
You hit the rat.
You kill the rat!
Things that are here:
a +0 mace; a +0 scale mail; a rat corpse You barely miss the orc priest.
The orc priest hits you with a +0 short sword.
The orc shouts!
You hit the orc priest but do no damage.
The orc priest is poisoned.
The orc priest invokes the aid of Beogh against you.
Beogh smites you!
You die...

#.........###.##.#......
#.######### #.##.###.###
#.#.#########.##.# #....
#.#..............# #####
####'#.........#.##########
#......#######.#.#.........
#......'.........#.########
#......#######.###.#.......
#......#.o@....#.........#.
######..o)######<#...)...#.
#...........#.#..####.
#.....#######.#.......
#.....# ###'#######.
#.....# #....)......
###'#.# #.....##.... #.#.#
#.....##.... ###'#.#
#.....##....


You could see an orc priest (very poisoned) and an orc.

Vanquished Creatures
  A sky beast (D:3)
  3 gnolls (D:3)
  An adder (D:2)
  A worm (D:2)
  3 dart slugs
  4 orcs (D:3)
  6 bats
  6 endoplasms
  11 goblins
  3 hobgoblins
  3 quokkas (D:1)
  4 ball pythons
  5 frilled lizards
  5 kobolds (D:1)
  8 rats
64 creatures vanquished.

Notes
Turn   | Place    | Note
-------+----------+-------------------------------------------
     0 | D:5      | Essalna the Djinni Delver began the quest for the Orb.
     0 | D:5      | Reached XP level 1. HP: 20/20 MP: 0/0
   427 | D:3      | Reached skill level 1 in Spellcasting
   427 | D:3      | Reached XP level 2. HP: 3/25 MP: 0/0
   996 | D:2      | Found a faded altar of an unknown god.
  1151 | D:2      | Reached XP level 3. HP: 30/30 MP: 0/0
  1151 | D:2      | Learned a level 1 spell: Animate Skeleton
  1969 | D:1      | Reached XP level 4. HP: 25/35 MP: 0/0
  2278 | D:1      | Reached skill level 1 in Shields
  3167 | D:3      | Noticed a sky beast
  3181 | D:3      | Killed a sky beast
  3182 | D:3      | Reached XP level 5. HP: 7/40 MP: 0/0
  3182 | D:3      | Learned a level 2 spell: Searing Ray
  3182 | D:3      | Reached XP level 6. HP: 8/46 MP: 0/0
  3758 | D:3      | Killed from afar by an orc priest

Illustrated notes

Levels and vault maps discovered:
D:1:      dpeg_arrival_radiant, layout_loops_ring, serial_forest,
          infiniplex_forest_lined_4_way, infiniplex_forest_end_1,
          infiniplex_forest_lined_1, infiniplex_forest_corner_2,
          infiniplex_forest_lined_1, infiniplex_forest_lined_3,
          infiniplex_forest_straight_2, infiniplex_forest_corner_2
D:2:      layout_basic, nicolae_ecumenical_oubliette, minmay_misc_feat_encased
D:3:      layout_basic
D:4:      layout_gridville
D:5:      layout_cave_pods, amcnicky_altar_gilded, minmay_temple_entry_mist,
          gup_sewer_entry_spiral, uniq_pikel

Skill      XL: |  1  2  3  4 |
---------------+-------------+-----
Spellcasting   | 1 2 3 |  3.2
Shields        | 2 |  2.9
Fighting       | |  3.0
Long Blades    | |  1.7
Dodging        | |  2.1
Stealth        | |  4.1

Action                   |  1- 3 |  4- 6 || total
-------------------------+-------+-------++-------
Melee: Falchion          |    19 |       ||    19
       Rapier            |    63 |    34 ||    97
       Punch             |     1 |       ||     1
       Short sword       |       |    56 ||    56
 Stab: Sleeping          |     7 |     9 ||    16
       Distracted        |       |     2 ||     2
Armor: Leather armour    |    18 |    16 ||    34
Dodge: Dodged            |    40 |    35 ||    75
Block: Buckler           |     5 |    10 ||    15

Table legend: (Time is in decaauts)
 A = Elapsed time spent in this place.
 B = Non-inter-level travel time spent in this place.
 C = Inter-level travel time spent in this place.
 D = Time resting spent in this place.
 E = Time spent auto-exploring this place.
 F = Levels seen in this place.
 G = Mean time per level.
                   A        B        C        D        E       F      G
               +--------+--------+--------+--------+--------+-----+--------+
         Total |   3783 |   3656 |    127 |      0 |   3098 |   5 |  756.6 |
       Dungeon |   3783 |   3656 |    127 |      0 |   3098 |   5 |  756.6 |
               +--------+--------+--------+--------+--------+-----+--------+

Top non-repeatable levels by time:
     D:3: 1328 daAuts
     D:2: 1302 daAuts
     D:1: 1121 daAuts
     D:5: 24 daAuts
     D:4: 6 daAuts
